[Event "Titled Tuesday Blitz August 22 Late 2023"]
[White "Grischuk, Alexander"]
[Black "Elsa167"]
[WhiteFideId "4126025"]
[WhiteElo "3007"]
[BlackElo "2893"]
[Result "1/2-1/2"]
[Round "8"]
[TimeControl "180+1"]
[Date "2023.08.22"]
[WhiteClock "0:00:06"]
[BlackClock "0:00:09"]
[Board "12"]

1. d4 e6 2. Nf3 Nf6 3. c4 d5 4. Nc3 a6 5. c5 b6 6. cxb6 cxb6 7. Bf4 Bd6 8. e3 O-O 9. Bd3 Bb7 10. O-O Nc6 11. Rc1 Rc8 12. Qe2 Nb4 13. Bb1 a5 14. Rfd1 Ba6 15. Qe1 Bxf4 16. exf4 g6 17. h3 Qd6 18. Qe3 Rc7 19. g4 Rfc8 20. Ne5 Nd7 21. Kg2 Nxe5 22. fxe5 Qe7 23. Qg3 Nc6 24. g5 b5 25. Ne2 b4 26. Nf4 Nd8 27. Rxc7 Rxc7 28. h4 Rc4 29. b3 Rc3 30. Qg4 Nc6 31. h5 Qf8 32. hxg6 hxg6 33. Rh1 Nxd4 34. Nxd5 Bb7 35. Qxd4 Bxd5+ 36. Be4 Qc5 37. Qxc5 Rxc5 38. Bxd5 Rxd5 39. Kg3 Rxe5 40. f4 Re2 41. Ra1 Rc2 42. Kf3 Kf8 43. Ke4 Ke7 44. Kd4 Re2 45. Kd3 Rf2 46. Ke4 Rb2 47. Ke5 Re2+ 48. Kd4 f6 49. gxf6+ Kxf6 50. Kc5 Rd2 51. Kb6 Rd5 52. Rg1 g5 53. fxg5+ Rxg5 54. Rh1 Rd5 55. Rh6+ Ke5 56. Rh5+ Kd6 57. Rh6 Rd2 58. Kxa5 Rxa2+ 59. Kxb4 Rf2 60. Kc3 Kd5 61. Rh8 e5 62. Rd8+ Ke4 63. b4 Rf3+ 64. Kc4 Rf1 65. b5 Rc1+ 66. Kb4 Rb1+ 67. Kc5 Rc1+ 68. Kb6 Ke3 69. Ka7 Ra1+ 70. Kb7 e4 71. b6 Kf2 72. Rf8+ Ke2 73. Kc6 Rc1+ 74. Kd6 Rb1 75. Kc6 e3 76. b7 Kd2 77. Rd8+ Ke1 78. b8=Q Rxb8 79. Rxb8 e2 80. Kd5 Kf2 81. Rf8+ Kg2 82. Re8 Kf2 83. Rxe2+ Kxe2 1/2-1/2


[Site "https://www.chess.com"]

[Event "Titled Tuesday Blitz August 22 Late 2023"]
[White "Paravyan, David"]
[Black "Leiva, Gianmarco"]
[WhiteFideId "4194985"]
[BlackFideId "3804399"]
[WhiteElo "2966"]
[BlackElo "2762"]
[Result "1-0"]
[Round "8"]
[TimeControl "180+1"]
[Date "2023.08.22"]
[WhiteClock "0:01:51"]
[BlackClock "0:00:07"]
[Board "13"]

1. e4 c5 2. Nf3 d6 3. d4 cxd4 4. Nxd4 Nf6 5. Nc3 a6 6. f3 e5 7. Nb3 Be6 8. Be3 Be7 9. Qd2 h5 10. Nd5 Nxd5 11. exd5 Bf5 12. Be2 Bh4+ 13. g3 Bf6 14. O-O O-O 15. f4 exf4 16. Rxf4 Bg6 17. Raf1 Bg5 18. Rb4 Bxe3+ 19. Qxe3 Re8 20. Qf2 Qc7 21. Rf4 Qxc2 22. Nd4 Qc5 23. Rxf7 Rxe2 24. Rf8+ Kh7 25. Nxe2 Bd3 26. Qxc5 dxc5 27. R1f2 c4 28. d6 b5 29. d7 1-0


[Site "https://www.chess.com"]

[Event "Titled Tuesday Blitz August 22 Late 2023"]
[White "Chigaev, Maksim"]
[Black "Lamaze, Simon"]
[WhiteFideId "4108116"]
[BlackFideId "36069264"]
[WhiteElo "2964"]
[BlackElo "2726"]
[Result "1-0"]
[Round "8"]
[TimeControl "180+1"]
[Date "2023.08.22"]
[WhiteClock "0:00:14"]
[BlackClock "0:00:24"]
[Board "14"]

1. e4 c6 2. Nf3 d5 3. d3 dxe4 4. dxe4 Qxd1+ 5. Kxd1 f6 6. e5 Bg4 7. Be2 Bxf3 8. Bxf3 fxe5 9. Re1 Nd7 10. c3 Ngf6 11. Kc2 e6 12. Nd2 Bc5 13. Re2 O-O 14. h3 Rad8 15. a4 a6 16. a5 Ba7 17. b4 Nd5 18. Ra3 Nf4 19. Re4 Bxf2 20. Nc4 Ng6 21. Re2 Ba7 22. Nd6 Rb8 23. Bg4 Rf6 24. Bg5 Ndf8 25. Ra1 Nf4 26. Rxe5 Nxg2 27. Bxf6 gxf6 28. Bxe6+ Kg7 29. Re4 Ne3+ 30. Kb3 Rd8 31. Nf5+ Nxf5 32. Bxf5 Ng6 33. Bxg6 Kxg6 34. Re7 Rb8 35. Rd1 Bf2 36. Rdd7 b6 37. Rb7 Rxb7 38. Rxb7 bxa5 39. bxa5 f5 40. Rb6 f4 41. Rxc6+ Kg5 42. Rxa6 f3 43. Kc2 Be1 44. Kd3 Kf4 45. Rf6+ Kg3 46. a6 Bf2 47. Ke4 1-0


[Site "https://www.chess.com"]

[Event "Titled Tuesday Blitz August 22 Late 2023"]
[White "Dourerassou, Jonathan"]
[Black "Kramnik, Vladimir"]
[WhiteFideId "628050"]
[BlackFideId "4101588"]
[WhiteElo "2716"]
[BlackElo "2936"]
[Result "0-1"]
[Round "8"]
[TimeControl "180+1"]
[Date "2023.08.22"]
[WhiteClock "0:01:16"]
[BlackClock "0:00:40"]
[Board "15"]

1. e4 c5 2. Nf3 e6 3. d4 cxd4 4. Nxd4 Nf6 5. Nc3 Nc6 6. Ndb5 d6 7. Bf4 e5 8. Bg5 a6 9. Na3 b5 10. Bxf6 gxf6 11. Nd5 f5 12. c3 Bg7 13. exf5 Bxf5 14. Nc2 O-O 15. Nce3 Be6 16. Bd3 f5 17. Bc2 Kh8 18. Qh5 e4 19. Nf4 Qe8 20. Qxe8 Raxe8 21. Nxe6 Rxe6 22. O-O-O f4 23. Nd5 e3 24. f3 b4 25. Ba4 Ne5 26. Nxb4 Rg6 27. Rhg1 a5 28. Nd5 e2 29. Rde1 Nd3+ 30. Kd2 Nxe1 31. Kxe1 Re6 32. Bc2 Rb8 33. b3 Rb5 34. c4 Rxd5 35. cxd5 Bc3+ 36. Kf2 e1=Q+ 0-1


[Site "https://www.chess.com"]

[Event "Titled Tuesday Blitz August 22 Late 2023"]
[White "Kamsky, Gata"]
[Black "Glavina, Pablo"]
[WhiteFideId "2000024"]
[BlackFideId "100234"]
[WhiteElo "2925"]
[BlackElo "2556"]
[Result "1/2-1/2"]
[Round "8"]
[TimeControl "180+1"]
[Date "2023.08.22"]
[WhiteClock "0:00:22"]
[BlackClock "0:00:06"]
[Board "16"]

1. d4 Nf6 2. Bf4 c5 3. e3 d5 4. c3 Nc6 5. Nd2 Bf5 6. Ngf3 Qb6 7. Qc1 e6 8. Be2 h6 9. O-O Rc8 10. Nb3 c4 11. Nbd2 Qd8 12. Re1 Bd6 13. Bg3 O-O 14. Bd1 b5 15. a3 a5 16. Bc2 b4 17. axb4 axb4 18. Bh4 Bxc2 19. Qxc2 b3 20. Qb1 Be7 21. Bxf6 Bxf6 22. e4 Qd7 23. exd5 exd5 24. Nf1 Ra8 25. Ne3 Ne7 26. h3 g6 27. Ne5 Bxe5 28. dxe5 Kg7 29. Qd1 Rxa1 30. Qxa1 Nf5 31. Qd1 Nxe3 32. Rxe3 Rd8 33. Qd4 Qe6 34. Kh2 Ra8 35. Rf3 Re8 36. Re3 Ra8 37. f4 Kg8 38. Re2 Ra1 39. Rd2 Rb1 40. Qe3 h5 41. Qf3 Kg7 42. Qxd5 Qxd5 43. Rxd5 Rxb2 44. Rd4 Rf2 45. Rxc4 b2 46. Rb4 Rxf4 47. Rxb2 Re4 48. Rb5 Rc4 49. Rb7 Re4 50. Rb5 Rc4 51. Rb7 Kg8 52. Re7 Rxc3 53. e6 fxe6 54. Rxe6 Kg7 55. Re4 Kh6 56. Re5 Rc6 57. Re4 Rf6 58. Re5 Kg7 59. Re4 Rf7 60. Re5 Kf6 61. Re4 Re7 62. Rxe7 Kxe7 63. Kg3 Kf6 64. Kf4 Kf7 65. Kg5 Kg7 66. g3 Kf7 67. Kh6 Kf6 68. Kh7 Kf7 69. g4 hxg4 70. hxg4 Kf6 71. Kh6 g5 72. Kh5 Kf7 73. Kxg5 Kg7 74. Kf5 Kf7 75. g5 Kg7 76. g6 Kg8 77. Kf6 Kf8 78. g7+ Kg8 79. Kg6 1/2-1/2


[Site "https://www.chess.com"]

[Event "Titled Tuesday Blitz August 22 Late 2023"]
[White "Olsen, Filip Boe"]
[Black "Deac, Bogdan-Daniel"]
[WhiteFideId "1440640"]
[BlackFideId "1226380"]
[WhiteElo "2705"]
[BlackElo "3035"]
[Result "0-1"]
[Round "8"]
[TimeControl "180+1"]
[Date "2023.08.22"]
[WhiteClock "0:00:02"]
[BlackClock "0:00:58"]
[Board "17"]

1. d4 Nf6 2. Nf3 d5 3. Bf4 c5 4. e3 Nc6 5. Nbd2 cxd4 6. exd4 Nh5 7. Be3 g6 8. Bb5 Bg7 9. O-O O-O 10. Re1 Qb6 11. a4 Nxd4 12. Nxd4 Bxd4 13. Nc4 dxc4 14. Bxd4 Qc7 15. Be5 Qc5 16. Bd4 Qd5 17. Re5 Qd6 18. c3 Be6 19. a5 a6 20. Ba4 Nf6 21. Bc2 Ng4 22. Rxe6 Qxe6 23. h3 Nf6 24. Qf3 Rad8 25. Kf1 Rxd4 26. cxd4 Qd7 27. Rd1 Qb5 28. Kg1 Qxb2 29. Bb1 c3 30. Qd3 Rc8 31. Bc2 Nd5 32. Rb1 Qa3 33. Rxb7 Qxa5 34. Qf3 Qd8 35. g3 a5 36. Kh2 Nf6 37. Qe3 Nd5 38. Qf3 Qd6 39. Bb3 Nf6 40. Bc2 Kg7 41. Ra7 h5 42. Rxa5 Qxd4 43. Ra4 Qd2 44. Ra2 h4 45. Kg2 hxg3 46. Qxg3 Qd5+ 47. Kh2 Qxa2 0-1


[Site "https://www.chess.com"]

[Event "Titled Tuesday Blitz August 22 Late 2023"]
[White "Hakobyan, Aram"]
[Black "Jaracz, Pawel"]
[WhiteFideId "13306677"]
[BlackFideId "1102222"]
[WhiteElo "2990"]
[BlackElo "2731"]
[Result "1-0"]
[Round "8"]
[TimeControl "180+1"]
[Date "2023.08.22"]
[WhiteClock "0:01:15"]
[BlackClock "0:00:04"]
[Board "18"]

1. d4 d5 2. c4 c6 3. Nc3 Nf6 4. Nf3 a6 5. Qc2 dxc4 6. e4 b5 7. Be2 g6 8. b3 cxb3 9. axb3 Bg7 10. O-O O-O 11. Rd1 Bg4 12. h3 Bxf3 13. Bxf3 e6 14. e5 Nd5 15. Bxd5 exd5 16. Ne2 a5 17. Ba3 Re8 18. Bd6 Qb6 19. Rac1 Ra6 20. Nf4 Nd7 21. h4 Bh6 22. Qd2 a4 23. Nxd5 Bxd2 24. Nxb6 Nxb6 25. Rxd2 axb3 26. Rb2 Nc4 27. Rxb3 Rd8 28. Bc5 Rda8 29. Kh2 Ra1 30. Rxa1 Rxa1 31. h5 gxh5 32. Rg3+ Kh8 33. Be7 h6 34. Bf6+ Kh7 35. Rg7+ Kh8 36. e6 Ra8 37. Rxf7+ Kg8 38. Rg7+ 1-0


[Site "https://www.chess.com"]

[Event "Titled Tuesday Blitz August 22 Late 2023"]
[White "Matinian, Nikita"]
[Black "Svane, Rasmus"]
[WhiteFideId "24129100"]
[BlackFideId "4657101"]
[WhiteElo "2720"]
[BlackElo "2979"]
[Result "0-1"]
[Round "8"]
[TimeControl "180+1"]
[Date "2023.08.22"]
[WhiteClock "0:00:00"]
[BlackClock "0:00:29"]
[Board "19"]

1. e4 c6 2. d4 d5 3. e5 Bf5 4. Nf3 e6 5. Be2 Ne7 6. O-O Ng6 7. Be3 Nd7 8. Ne1 h5 9. Nd2 Ndxe5 10. dxe5 d4 11. Bxd4 Qxd4 12. Nef3 Qc5 13. Nc4 Rd8 14. Qc1 Be7 15. a4 Bg4 16. Qe3 Qxe3 17. fxe3 O-O 18. h3 Bf5 19. Nd4 Be4 20. Bxh5 Bc5 21. Bf3 Bxd4 22. Bxe4 Nxe5 23. exd4 Nxc4 24. c3 Nxb2 25. Rfb1 Nc4 26. Rxb7 Nd6 27. Bxc6 Rc8 28. Rxa7 Rxc6 29. Ra3 Rfc8 30. Rd7 Nc4 31. Ra2 Nb6 32. Rb7 Nd5 33. a5 Nxc3 34. Rf2 f6 35. Rfb2 Nd5 0-1


[Site "https://www.chess.com"]

[Event "Titled Tuesday Blitz August 22 Late 2023"]
[White "Papasimakopoulos, Alexandros"]
[Black "Zhigalko, Sergei"]
[WhiteFideId "4244125"]
[BlackFideId "13502956"]
[WhiteElo "2710"]
[BlackElo "2954"]
[Result "0-1"]
[Round "8"]
[TimeControl "180+1"]
[Date "2023.08.22"]
[WhiteClock "0:00:19"]
[BlackClock "0:00:04"]
[Board "20"]

1. Nf3 d5 2. e3 Nf6 3. b3 e6 4. Bb2 Bd6 5. Be2 O-O 6. O-O b6 7. c4 Bb7 8. d4 Nbd7 9. Nc3 a6 10. Qc2 Qe7 11. Rfd1 Rfe8 12. Rac1 Rad8 13. Na4 Ne4 14. Ne5 c5 15. Bd3 Bxe5 16. dxe5 f5 17. exf6 Nexf6 18. Nc3 d4 19. exd4 cxd4 20. Ne4 e5 21. Re1 Nxe4 22. Bxe4 Bxe4 23. Qxe4 Nc5 24. Qe2 Qg5 25. Rcd1 a5 26. Bc1 Qg6 27. Bb2 h6 28. h3 Re6 29. Qg4 Qf7 30. Qg3 Rf8 31. Rd2 Qf5 32. f3 Kh7 33. Qg4 Qf7 34. Rde2 Rg6 35. Qh4 Qxf3 36. Kh1 Qc6 37. Ba3 Rf4 38. Qh5 Ne4 39. Kh2 Ng3 40. Qxe5 Nxe2 41. Rxe2 Qf6 42. Qxf6 Rgxf6 43. Rd2 Rf2 44. Rxd4 Rg6 45. Rg4 Rxg4 46. hxg4 Rxa2 47. Bd6 Rb2 48. c5 bxc5 49. Be5 Rxb3 0-1


[Site "https://www.chess.com"]

[Event "Titled Tuesday Blitz August 22 Late 2023"]
[White "Dominguez Perez, Leinier"]
[Black "Salimova, Nurgyul"]
[WhiteFideId "3503240"]
[BlackFideId "2915138"]
[WhiteElo "2917"]
[BlackElo "2694"]
[Result "1-0"]
[Round "8"]
[TimeControl "180+1"]
[Date "2023.08.22"]
[WhiteClock "0:00:04"]
[BlackClock "0:00:00"]
[Board "21"]

1. e4 c6 2. d4 d6 3. f4 g6 4. Nc3 Bg7 5. Be3 Nf6 6. Nf3 O-O 7. Qd2 b5 8. Bd3 a5 9. e5 b4 10. Ne4 Nd5 11. Bf2 Ba6 12. Bxa6 Nxa6 13. O-O Nac7 14. c4 bxc3 15. bxc3 Bh6 16. g3 Nb6 17. Rab1 Nc4 18. Qd3 d5 19. Ned2 Nxd2 20. Nxd2 Rb8 21. Nb3 Qc8 22. Nc5 Qh3 23. a4 Ne6 24. Nxe6 fxe6 25. Rxb8 Rxb8 26. Rb1 Rf8 27. Qe2 g5 28. fxg5 Bxg5 29. Rf1 h5 30. Qd3 Kg7 31. Qe2 h4 32. Rb1 hxg3 33. Bxg3 Qf5 34. Re1 Qh3 35. Rd1 Qf5 36. Rd3 Qe4 37. Qxe4 dxe4 38. Rd1 Rb8 39. Re1 e3 40. Kg2 Rb3 41. h4 Bh6 42. Rc1 e2 43. Rc2 Ra3 44. Kf3 Rxa4 45. Kxe2 Ra1 46. Rb2 a4 47. Rb7 Kf7 48. h5 a3 49. Bh4 Bf8 50. Ra7 a2 51. Be1 Bh6 52. Ra6 Bc1 53. Kd3 Bb2 54. Bd2 Kg7 55. h6+ Kg6 56. Ra7 Kh7 57. Rxe7+ Kg6 58. Ra7 1-0


[Site "https://www.chess.com"]

[Event "Titled Tuesday Blitz August 22 Late 2023"]
[White "Mamedov, Edgar"]
[Black "Makarian, Rudik"]
[WhiteFideId "13739980"]
[BlackFideId "44105681"]
[WhiteElo "2686"]
[BlackElo "2913"]
[Result "0-1"]
[Round "8"]
[TimeControl "180+1"]
[Date "2023.08.22"]
[WhiteClock "0:00:06"]
[BlackClock "0:01:11"]
[Board "22"]

1. d4 Nf6 2. Nf3 c5 3. d5 b5 4. Bg5 g6 5. Bxf6 exf6 6. e3 b4 7. Bc4 Bg7 8. O-O O-O 9. a4 f5 10. Ra2 d6 11. c3 Nd7 12. a5 Rb8 13. Qa4 Ne5 14. Nxe5 Bxe5 15. Bb5 a6 16. Be2 f4 17. exf4 Bxf4 18. g3 Be5 19. Bf3 Bd7 20. Qd1 Qf6 21. Nd2 Bf5 22. Nc4 bxc3 23. bxc3 Bxc3 24. Bg4 Rb1 25. Qf3 Rxf1+ 26. Kxf1 Qd4 27. Ne3 Bb1 28. Ra3 Bb2 29. Rb3 c4 30. Rb7 Bd3+ 31. Kg1 Bc1 32. Bd7 Bxe3 33. fxe3 Qa1+ 34. Kg2 Qe5 35. Rc7 Be4 0-1


[Site "https://www.chess.com"]

[Event "Titled Tuesday Blitz August 22 Late 2023"]
[White "Ibarra Jerez, Jose Carlos"]
[Black "Tatarinov, Dmitry"]
[WhiteFideId "2226332"]
[BlackFideId "24160067"]
[WhiteElo "2895"]
[BlackElo "2685"]
[Result "0-1"]
[Round "8"]
[TimeControl "180+1"]
[Date "2023.08.22"]
[WhiteClock "0:00:34"]
[BlackClock "0:01:29"]
[Board "23"]

1. Nf3 d5 2. g3 Nd7 3. d4 Nb6 4. a4 a5 5. Nc3 Nf6 6. Bg2 h6 7. Ne5 Bf5 8. O-O e6 9. f3 Bb4 10. e4 Bh7 11. exd5 exd5 12. Ne2 O-O 13. c3 Bd6 14. Nf4 c6 15. Nfd3 Re8 16. Bf4 Qc7 17. b3 Nbd7 18. Re1 Bxd3 19. Nxd3 Bxf4 20. Nxf4 c5 21. Qd2 Qb6 22. Reb1 cxd4 23. cxd4 Ne5 24. Rd1 Nc6 25. Rab1 Re7 26. Bf1 Rae8 27. Bb5 g5 28. Ne2 Re3 29. Kf2 g4 30. Qxe3 Rxe3 31. Kxe3 Ne5 32. Ng1 gxf3 33. Nxf3 Neg4+ 34. Kd2 Ne4+ 35. Ke1 Nc3 36. Kd2 Nxb1+ 37. Rxb1 Qf6 38. Rf1 Qe7 39. Re1 Qa3 40. Kc2 Qa2+ 41. Kc3 Nf2 42. Nd2 Qa3 43. Re2 Qc1# 0-1


[Site "https://www.chess.com"]

[Event "Titled Tuesday Blitz August 22 Late 2023"]
[White "Arias, Juan Cruz"]
[Black "Rasulov, Vugar"]
[WhiteFideId "118540"]
[BlackFideId "13402390"]
[WhiteElo "2682"]
[BlackElo "2892"]
[Result "1-0"]
[Round "8"]
[TimeControl "180+1"]
[Date "2023.08.22"]
[WhiteClock "0:00:06"]
[BlackClock "0:00:00"]
[Board "24"]

1. d4 Nf6 2. Nf3 g6 3. Nbd2 d5 4. e3 Bg7 5. b4 O-O 6. Be2 Nbd7 7. Bb2 c6 8. O-O Re8 9. a4 a5 10. b5 c5 11. dxc5 Nxc5 12. c4 Bg4 13. h3 Bxf3 14. Nxf3 Rc8 15. Be5 dxc4 16. Bxc4 Nfe4 17. Qc2 e6 18. Rfd1 Qe7 19. Rac1 Ng5 20. Nxg5 Bxe5 21. Nf3 Bf6 22. b6 Red8 23. Bb5 Kg7 24. e4 e5 25. Qe2 Ne6 26. Rxc8 Rxc8 27. Rd7 Qc5 28. Rxb7 Bd8 29. Qa2 Kf6 30. Be8 Be7 31. Bb5 Rd8 32. g3 h5 33. Kg2 Rd6 34. Qb2 Nd4 35. Nxd4 Rxd4 36. Qe2 Kg7 37. Qf3 Rd2 38. Be8 f6 39. Rc7 Qd6 40. Rd7 Qb4 41. b7 Rxd7 42. Bxd7 Qxb7 43. Bb5 Qc7 44. Qd3 Bc5 45. Qd5 Bd4 46. Bc4 Qc8 47. Qf7+ Kh6 48. Qxf6 Qe8 49. Bf7 Qc6 50. Qxc6 1-0


[Site "https://www.chess.com"]

[Event "Titled Tuesday Blitz August 22 Late 2023"]
[White "Sjugirov, Sanan"]
[Black "Saif, Malek"]
[WhiteFideId "4189302"]
[BlackFideId "8104220"]
[WhiteElo "2881"]
[BlackElo "2661"]
[Result "0-1"]
[Round "8"]
[TimeControl "180+1"]
[Date "2023.08.22"]
[WhiteClock "0:00:00"]
[BlackClock "0:02:08"]
[Board "25"]

1. c4 d6 2. d4 Nd7 3. Nc3 Ngf6 4. e4 e5 5. Nf3 c6 6. Be2 Qc7 7. O-O g6 8. d5 c5 9. a3 Bg7 10. Bd2 O-O 11. b4 b6 12. Rb1 Ne8 13. Qa4 h6 14. Rfc1 f5 15. Qc6 Qb8 16. h3 Rf7 17. Qa4 Ndf6 0-1


[Site "https://www.chess.com"]

[Event "Titled Tuesday Blitz August 22 Late 2023"]
[White "Zierk, Steven"]
[Black "Omelja, Artem"]
[WhiteFideId "2034255"]
[BlackFideId "14119846"]
[WhiteElo "2863"]
[BlackElo "2651"]
[Result "1-0"]
[Round "8"]
[TimeControl "180+1"]
[Date "2023.08.22"]
[WhiteClock "0:00:08"]
[BlackClock "0:00:04"]
[Board "26"]

1. e4 c5 2. Nf3 e6 3. d4 cxd4 4. Nxd4 Nc6 5. Nc3 Nf6 6. a3 Be7 7. Be3 O-O 8. f4 d6 9. Qf3 Qc7 10. Ndb5 Qb8 11. Qg3 e5 12. fxe5 dxe5 13. Nd5 Nxe4 14. Qf3 Nf6 15. Ndc7 Bg4 16. Qg3 a6 17. Nxa8 axb5 18. Nb6 Rd8 19. Bxb5 Nd4 20. Bxd4 Rxd4 21. O-O Bc5 22. Kh1 Bxb6 23. Rxf6 gxf6 24. h3 Qc8 25. Be2 h5 26. hxg4 hxg4 27. Rd1 Qxc2 28. Rxd4 Bxd4 29. Qxg4+ Kf8 30. b4 Qc1+ 31. Bd1 Qh6+ 32. Qh5 Qe3 33. Kh2 Qxa3 34. b5 Qb4 35. Be2 Qb2 36. Qf3 b6 37. Bc4 Qd2 38. Qh5 Qf4+ 39. Kh3 Ke7 40. Qxf7+ Kd6 41. Qd5+ Ke7 42. Qe6+ Kd8 43. Qd6+ Kc8 44. Be6+ Kb7 45. Qd7+ Kb8 46. Qc8+ Ka7 47. Qc7+ Ka8 48. Bd5# 1-0


[Site "https://www.chess.com"]

[Event "Titled Tuesday Blitz August 22 Late 2023"]
[White "Zarubitski, Viachaslau"]
[Black "Diaz Camallonga, Carles"]
[WhiteFideId "13509373"]
[BlackFideId "22235256"]
[WhiteElo "2646"]
[BlackElo "2807"]
[Result "0-1"]
[Round "8"]
[TimeControl "180+1"]
[Date "2023.08.22"]
[WhiteClock "0:00:00"]
[BlackClock "0:00:02"]
[Board "27"]

1. e4 e6 2. d3 c5 3. Nf3 Nc6 4. g3 g6 5. Bg2 Bg7 6. O-O Nge7 7. Re1 e5 8. Nc3 d6 9. Nd5 h6 10. c3 Be6 11. Nd2 O-O 12. a4 f5 13. Nxe7+ Qxe7 14. exf5 gxf5 15. f4 Qd7 16. Nf3 Rad8 17. Qe2 Qf7 18. Qf2 c4 19. dxc4 e4 20. Nd2 Bxc4 21. Nxc4 Qxc4 22. Be3 b6 23. Red1 Qf7 24. Bf1 d5 25. Bb5 Ne7 26. a5 bxa5 27. Rxa5 d4 28. Bxd4 Qb3 29. Ba4 Qc4 30. Bxg7 Rxd1+ 31. Bxd1 Kxg7 32. Rxa7 Rf7 33. Be2 Qd5 34. Bh5 Ng6 35. Rxf7+ Qxf7 36. Qd4+ Kh7 37. Qd6 Qa7+ 38. Kg2 Ne7 39. Qf6 Qd7 40. Kh3 Qd8 41. Qf7+ Kh8 42. Qf6+ Kh7 43. Qf7+ Kh8 44. Qe6 Kg7 45. b4 Qc7 46. Qg6+ Nxg6 0-1


[Site "https://www.chess.com"]

[Event "Titled Tuesday Blitz August 22 Late 2023"]
[White "Bauman_Guy"]
[Black "Postlmayer, Jakob"]
[BlackFideId "1643622"]
[WhiteElo "2801"]
[BlackElo "2611"]
[Result "0-1"]
[Round "8"]
[TimeControl "180+1"]
[Date "2023.08.22"]
[WhiteClock "0:00:27"]
[BlackClock "0:00:04"]
[Board "28"]

1. e4 c5 2. Nf3 e6 3. d4 cxd4 4. Nxd4 Nc6 5. Nc3 Qc7 6. g3 a6 7. Bg2 Nf6 8. O-O Nxd4 9. Qxd4 Bc5 10. Qd3 Ng4 11. h3 Ne5 12. Qe2 d6 13. Be3 O-O 14. Rad1 b5 15. Bxc5 Qxc5 16. Kh2 Bb7 17. Nb1 Rfe8 18. c3 Rad8 19. Nd2 Qb6 20. f4 Nc6 21. Qf2 Qxf2 22. Rxf2 Ne7 23. Nb3 Nc8 24. Rfd2 Kf8 25. Nc5 Re7 26. a4 Rc7 27. b4 bxa4 28. Nxa4 Re8 29. Ra1 Ke7 30. Ra3 Rd8 31. Nb2 Nb6 32. Kg1 Rdc8 33. Rd3 g6 34. Kf2 e5 35. Ke1 Nc4 36. Nxc4 Rxc4 37. Re3 f5 38. fxe5 dxe5 39. Bf1 Rxe4 40. Rxe4 fxe4 41. c4 Rd8 42. Be2 Rd4 43. Ra5 Kf6 44. Kf2 Rd2 45. Ke3 Rb2 46. b5 Rb3+ 47. Kd2 axb5 48. Rxb5 Rxb5 49. cxb5 Ke7 50. Bc4 Kd6 51. Bg8 h6 52. Bh7 g5 53. Ke3 Kc5 54. Bxe4 Bc8 55. Bf3 Kxb5 56. h4 Kc5 57. hxg5 hxg5 58. Be4 Kd6 59. Bf3 Bf5 60. Be2 Ke6 61. Bf3 Kf6 62. Be2 Bd7 63. Bf3 Be8 64. Be2 Bc6 65. Bf1 Kf5 66. Be2 Bd5 67. Bd1 Bb7 68. Be2 Ke6 69. Bd1 Bd5 70. Bg4+ Kd6 71. Be2 Kc5 72. Bg4 Kc4 73. Be2+ Kc3 74. Bf1 Kc2 75. Be2 Bc6 76. Bg4 Kc3 77. Bf3 Bxf3 78. Kxf3 Kd3 79. Kg4 e4 80. Kxg5 e3 81. Kf5 e2 82. g4 e1=Q 83. g5 Qe4+ 84. Kf6 Qf4+ 85. Kg6 Ke4 86. Kh5 Kf5 87. g6 Qh2# 0-1


[Site "https://www.chess.com"]

[Event "Titled Tuesday Blitz August 22 Late 2023"]
[White "Ibadov, Dashgyn"]
[Black "Gorovets, Andrey"]
[WhiteFideId "24107514"]
[BlackFideId "13504037"]
[WhiteElo "2616"]
[BlackElo "2800"]
[Result "0-1"]
[Round "8"]
[TimeControl "180+1"]
[Date "2023.08.22"]
[WhiteClock "0:01:30"]
[BlackClock "0:01:19"]
[Board "29"]

1. e4 c5 2. Nf3 Nc6 3. Bb5 Nf6 4. Nc3 Qc7 5. O-O Nd4 6. Re1 a6 7. Bf1 Ng4 8. e5 h5 9. Nxd4 cxd4 10. Nd5 Qc5 11. c4 dxc3 12. Ne3 c2 13. Qxc2 Qxe5 14. g3 Nf6 15. Nf5 Qxe1 16. b3 Qe4 17. Bd3 Qc6 18. Qd1 b5 0-1


[Site "https://www.chess.com"]

[Event "Titled Tuesday Blitz August 22 Late 2023"]
[White "Kushko, Dmitriy"]
[Black "Willy, Stephen"]
[WhiteFideId "14162261"]
[BlackFideId "30981468"]
[WhiteElo "2766"]
[BlackElo "2594"]
[Result "1-0"]
[Round "8"]
[TimeControl "180+1"]
[Date "2023.08.22"]
[WhiteClock "0:00:10"]
[BlackClock "0:00:10"]
[Board "30"]

1. Nf3 d5 2. g3 Bg4 3. Bg2 Nd7 4. h3 Bxf3 5. Bxf3 Ngf6 6. O-O e5 7. d3 Bd6 8. Nc3 c6 9. e4 Nb6 10. a4 a5 11. Bg5 Be7 12. exd5 Nfxd5 13. Bxe7 Qxe7 14. Re1 O-O 15. d4 Qb4 16. Nxd5 Nxd5 17. Bxd5 cxd5 18. dxe5 Qxb2 19. Qxd5 Rfd8 20. Qb3 Qxb3 21. cxb3 Rd3 22. Rab1 Rd4 23. Red1 Rad8 24. Rxd4 Rxd4 25. Rc1 h6 26. Rc8+ Kh7 27. Rc7 Rb4 28. Rxf7 Rxb3 29. Kg2 Rb4 30. f4 Rxa4 31. Rxb7 Kg6 32. g4 Rxf4 33. Rb6+ Kf7 34. Ra6 a4 35. Kg3 Re4 36. Ra7+ Ke6 37. Rxg7 Kxe5 38. Rg6 a3 39. Ra6 Re3+ 40. Kh4 Kd4 41. Rxh6 Kc3 42. Ra6 Kb2 43. g5 a2 44. Rxa2+ Kxa2 45. g6 Kb3 46. Kg4 Kc4 47. h4 Kd5 48. g7 Re8 49. Kg5 Ke6 50. Kg6 Ra8 51. h5 Ke7 52. h6 Ra6+ 53. Kh7 Ke6 54. g8=Q+ Kf5 55. Qf7+ Ke5 56. Qg7+ Rf6 57. Kg8 Ke6 58. Qxf6+ Kxf6 59. h7 Kf5 60. h8=Q Kf4 61. Qg7 Kf3 62. Kf7 Ke2 63. Qg3 Kd1 64. Kf6 Kc2 65. Kf5 Kd1 66. Ke4 Kc1 67. Qf2 Kb1 68. Kd3 Kc1 69. Qc2# 1-0


[Site "https://www.chess.com"]

[Event "Titled Tuesday Blitz August 22 Late 2023"]
[White "angelgab3"]
[Black "Ghazarian, Kirk"]
[BlackFideId "30908604"]
[WhiteElo "2580"]
[BlackElo "2759"]
[Result "0-1"]
[Round "8"]
[TimeControl "180+1"]
[Date "2023.08.22"]
[WhiteClock "0:00:01"]
[BlackClock "0:00:16"]
[Board "31"]

1. e4 c5 2. Nf3 a6 3. d4 cxd4 4. Qxd4 Nc6 5. Qd2 e6 6. Nc3 Qc7 7. Bd3 Nf6 8. O-O Be7 9. Re1 d6 10. b3 b5 11. Bb2 Bb7 12. a4 b4 13. Ne2 O-O 14. Ned4 Nxd4 15. Nxd4 d5 16. exd5 Nxd5 17. Re4 Bf6 18. Rae1 Rad8 19. Rg4 Kh8 20. Qc1 Nc3 21. Nf3 Bxf3 22. gxf3 Qc6 23. Be4 Qc5 24. Kg2 Rd4 25. Qe3 Rfd8 26. Bc1 Nxe4 27. fxe4 Qxc2 28. Re2 Qc3 29. Bb2 Qxe3 30. Rxe3 Rd3 31. Bxf6 gxf6 32. Rxd3 Rxd3 33. Rg3 Rxg3+ 34. hxg3 Kg7 35. f4 Kg6 36. Kh3 f5 37. exf5+ Kxf5 38. Kh4 f6 39. Kh5 e5 40. fxe5 fxe5 41. g4+ Kf4 0-1


[Site "https://www.chess.com"]

[Event "Titled Tuesday Blitz August 22 Late 2023"]
[White "Geivondian, Arman"]
[Black "Wieczorek, Oskar"]
[WhiteFideId "24102032"]
[BlackFideId "1133950"]
[WhiteElo "2539"]
[BlackElo "2752"]
[Result "1-0"]
[Round "8"]
[TimeControl "180+1"]
[Date "2023.08.22"]
[WhiteClock "0:00:46"]
[BlackClock "0:00:04"]
[Board "32"]

1. e4 c5 2. Nf3 d6 3. Bb5+ Nc6 4. Bxc6+ bxc6 5. O-O e5 6. c3 Nf6 7. Re1 Bg4 8. d3 Be7 9. Bg5 h6 10. Bxf6 Bxf6 11. h3 Be6 12. d4 cxd4 13. cxd4 O-O 14. dxe5 dxe5 15. Qc1 Qa5 16. Nc3 Rfd8 17. Qc2 Be7 18. Rad1 Bb4 19. a3 Bxc3 20. Qxc3 Qxc3 21. bxc3 f6 22. Rxd8+ Rxd8 23. Rb1 Rd3 24. Rb7 a5 25. Ra7 Rxc3 26. Rxa5 c5 27. Nh4 Bb3 28. Nf5 c4 29. Ra7 Rc1+ 30. Kh2 c3 31. Rxg7+ Kf8 32. Rb7 c2 33. Rxb3 Rh1+ 34. Kxh1 c1=Q+ 35. Kh2 Qf4+ 36. Ng3 h5 37. Rf3 Qg5 38. Rf5 Qg6 39. Nxh5 Ke7 40. Nxf6 Ke6 41. Ng4 Qg7 42. a4 Qa7 43. a5 Qd4 44. f3 Qd2 45. a6 Qa2 46. h4 Ke7 47. Rf6 Qa5 48. h5 Qe1 49. g3 Qe2+ 50. Kh3 Qf1+ 51. Kh4 Qh1+ 52. Kg5 Qh3 53. h6 Qxg3 54. h7 1-0


[Site "https://www.chess.com"]